 Dungeon Crawl Stone Soup version 0.20-a0-1057-g9a88637 (webtiles) character file.

160 AlphabetPasta the Stinger (level 5, -1/41 HPs)
             Began as a Gnoll Wanderer on Apr 26, 2017.
             Slain by an orc
             ... wielding a +0 club
              (4 damage)
             ... on level 3 of the Dungeon.
             The game lasted 00:11:41 (2372 turns).

AlphabetPasta the Stinger (Gnoll Wanderer)          Turns: 2372, Time: 00:11:41

Health: -1/41      AC:  2    Str: 10    XL:     5   Next: 41%
Magic:  7/10       EV: 20    Int: 13    God:
Gold:   143        SH:  0    Dex: 20    Spells: 7/11 levels left

rFire    . . .     SeeInvis .     - Unarmed
rCold    . . .     Gourm    .   (shield currently unavailable)
rNeg     . . .     Faith    .   (armour currently unavailable)
rPois    x         Spirit   .   (helmet currently unavailable)
rElec    .         Reflect  .   (cloak currently unavailable)
rCorr    .         Harm     .   (gloves currently unavailable)
MR       .....                  (boots currently unavailable)
Stlth    ++........             (no amulet)
Regen    0.2/turn               (no ring)
MPRegen  0.2/turn               l - ring of wizardry

@: spider-form (expiring)
A: short attention span, strong nose
a: End Transformation


You were on level 3 of the Dungeon.
You were not hungry.
You were a venomous arachnid creature.
You visited 1 branch of the dungeon, and saw 3 of its levels.

You collected 143 gold pieces.

Inventory:

Hand Weapons
 a - a +2 spear (melded)
Armour
 d - a +0 robe (melded)
 j - a +2 pair of gloves (melded)
Jewellery
 e - an uncursed ring of ice
 l - a ring of wizardry (right front leg)
Scrolls
 c - 2 scrolls of teleportation
 k - a scroll of remove curse
Potions
 i - 2 potions of curing {unknown}
 m - a potion of ambrosia {unknown}
 n - 2 potions of heal wounds {unknown}
 o - 3 potions of agility {unknown}
Books
 b - the Disquisition on Transmutation

   Spells                             Type                      Level
   a - Beastly Appendage              Transmutation                1
   b - Spider Form                    Transmutation/Poison         3
Comestibles
 f - a bread ration
 g - 2 royal jellies
 h - a meat ration


   Skills:
 + Level 3.6 Fighting
 - Level 1.5 Polearms
 - Level 1.5 Armour
 + Level 2.3 Dodging
 - Level 1.3 Stealth
 * Level 3.4 Unarmed Combat
 + Level 3.5 Spellcasting
 + Level 2.8 Transmutations
   Level 3.0 Air Magic
 + Level 3.6 Poison Magic
   Level 1.5 Evocations


You had 7 spell levels left.
You knew the following spells:

 Your Spells              Type           Power        Failure   Level  Hunger
a - Beastly Appendage     Tmut           #.....       8%          1    #......
b - Spider Form           Tmut/Pois      ##........   16%         3    ###....


Dungeon Overview and Level Annotations

Branches:
Dungeon (3/15)

Altars:

Annotations:
D:3 edsrzf's ghost, amateur GnAE


Innate Abilities, Weirdness & Mutations

You have a short attention span.
((You have very sharp teeth.))
Your uncanny sense of smell can sniff out nearby items.


Message History

The magic dart hits you!
You completely miss something. Something closely misses you.
You closely miss something. Something hits you.
You hit something.
Your transformation is almost over.
You hear some strange, mumbled words.
A magic dart appears from out of thin air!
The magic dart hits you!
* * * LOW HITPOINT WARNING * * *
You miss something. Something hits you.
* * * LOW HITPOINT WARNING * * *
An orc comes into view. It is wielding a dagger.
The orc shouts!
You hit something.
Reactivating autopickup.
You feel a bit more experienced.
You hit the orc.
The orc is poisoned.
The orc is lightly wounded.
The orc hits you with a club.
You die...

... ... # #.# ..
##.## ###.# #...#
.....)#### #...######
#.).oos.# #.........
#..#o##.###....####
..
#.##...........#...
#..................
#.##...........#..#
......)###....####..#
#.###### #..........#
#...######.. #...#


You could see 3 orcs.

Vanquished Creatures
  2 orc wizards (D:3)
  4 adders
  3 oozes
  3 worms
  2 dart slugs (D:2)
  2 leopard geckos
  3 orcs
  2 giant cockroaches
  5 goblins
  3 hobgoblins
  5 jackals
  2 bats
  2 frilled lizards (D:2)
  6 kobolds
  4 rats (D:2)
48 creatures vanquished.

Notes
Turn   | Place    | Note
-------+----------+-------------------------------------------
     0 | D:1      | AlphabetPasta the Gnoll Wanderer began the quest for the Orb.
     0 | D:1      | AlphabetPasta set off with: a +2 spear, the Disquisition on Transmutation, a scroll of teleportation, a +0 robe, a bread ration
     0 | D:1      | Reached XP level 1. HP: 18/18 MP: 3/3
     0 | D:1      | Identified the Disquisition on Transmutation
     2 | D:1      | Learned a level 1 spell: Beastly Appendage
   115 | D:1      | Reached XP level 2. HP: 13/24 MP: 3/5
   317 | D:1      | HP: 1/24 [worm (11)]
   652 | D:1      | Reached skill level 1 in Unarmed Combat
   652 | D:1      | Reached skill level 1 in Transmutations
   791 | D:1      | Reached skill level 1 in Armour
  1227 | D:2      | Reached XP level 3. HP: 29/29 MP: 5/7
  1317 | D:2      | Reached skill level 1 in Dodging
  1399 | D:2      | Reached XP level 4. HP: 35/35 MP: 6/8
  1410 | D:2      | Learned a level 3 spell: Spider Form
  2177 | D:3      | Noticed edsrzf's ghost (amateur GnAE)
  2354 | D:3      | Reached XP level 5. HP: 32/41 MP: 8/10
  2372 | D:3      | Slain by an orc

Vault maps used:
D:1:      doesnt_arrival_goblin_jail
D:3:      overflow_temple_1_default, kennysheep_generic_room_12

Skill      XL: |  1  2  3  4 |
---------------+-------------+-----
Spellcasting   | 2 3 |  3.5
Unarmed Combat | 1 2 3 |  3.4
Transmutations | 1 2 |  2.8
Armour         | 1 |  1.5
Dodging        | 1 2 |  2.3
Fighting       | |  3.6
Polearms       | |  1.5
Stealth        | |  1.3
Air Magic      | |  3.0
Poison Magic   | |  3.6
Evocations     | |  1.5

Action                   |  1- 3 |  4- 6 || total
-------------------------+-------+-------++-------
Melee: Spear             |   102 |    90 ||   192
       Bite              |     6 |     4 ||    10
       Kick              |     7 |     2 ||     9
       Headbutt          |     2 |     1 ||     3
       Unarmed           |       |     6 ||     6
 Cast: Beastly Appendage |    11 |     5 ||    16
       Spider Form       |       |     1 ||     1
  Use: Scroll            |     1 |     1 ||     2
 Stab: Sleeping          |     3 |     4 ||     7
  Eat: Chunk             |     2 |     3 ||     5
Armor: Robe              |    17 |    13 ||    30
Dodge: Dodged            |    48 |    30 ||    78
